 Dungeon Crawl Stone Soup version 0.31.0-32-g396128a36d (console) character file.

Game seed: 3283829605461868353

1793 utis the Poker (level 9, -2/53 HPs)
             Began as a Tengu Delver on Mar 10, 2024.
             Slain by a two-headed ogre
             ... wielding a +0 dire flail
              (17 damage)
             ... on level 6 of the Dungeon.
             The game lasted 00:34:35 (6726 turns).

utis the Poker (Tengu Delver)                       Turns: 6726, Time: 00:34:35

Health: -2/53      AC: 13    Str: 14    XL:     9   Next: 9%
Magic:  1/10       EV: 16    Int: 13    God:
Gold:   388        SH:  0    Dex: 16    Spells: 4/8 levels left

rFire   . . .        a - +0 halberd
rCold   . . .        (shield currently unavailable)
rNeg    . . .        F - +0 ring mail
rPois   .            (helmet restricted)
rElec   .            E - scarf {+Inv}
rCorr   .            (no gloves)
SInv    .            (boots unavailable)
Will    .....        (no amulet)
Stlth   ++           j - +4 ring of protection
HPRegen 0.28/turn    r - +4 ring of protection
MPRegen 0.12/turn

%: acrobat
@: flying, very slightly contaminated
A: beak, talons 3, evasive flight, acrobatic
a: Evoke Invisibility


You were on level 6 of the Dungeon.
You visited 1 branch of the dungeon, and saw 6 of its levels.

You collected 388 gold pieces.

Inventory:

Hand Weapons
 a - a +0 halberd (weapon)
 y - a +0 spear
Missiles
 n - 2 datura-tipped darts
 s - 21 poisoned darts
 w - 31 stones
 x - 17 boomerangs
Armour
 b - a +0 leather armour
 u - a +0 chain mail
 E - a scarf of invisibility (worn)
 F - a +0 ring mail (worn)
 H - a +2 chain mail of fire resistance
Jewellery
 j - a +4 ring of protection (left hand)
 l - a ring of flight
 r - a +4 ring of protection (right hand)
Wands
 g - a wand of digging (3)
 k - a wand of charming (5)
 D - a wand of light (7)
Scrolls
 c - 2 scrolls of fog
 d - a scroll of revelation
 e - a scroll of fear
 i - 2 scrolls of noise
 m - a scroll of blinking {unknown}
 p - 2 scrolls of teleportation
 v - a scroll of amnesia {unknown}
 C - a scroll of acquirement {unknown}
 I - a scroll of butterflies {unknown}
Potions
 f - a potion of haste
 h - a potion of magic
 o - 2 potions of might
 q - 5 potions of curing
 t - a potion of resistance
 z - a potion of berserk rage {unknown}
 A - 3 potions of lignification {unknown}
 B - 3 potions of enlightenment {unknown}
 G - a potion of invisibility {unknown}
 J - a potion of mutation {unknown}
 K - a potion of brilliance {unknown}


   Skills:
 + Level 4.9 Fighting
 * Level 7.5 Polearms
 + Level 2.0 Armour
 + Level 4.0 Dodging
 - Level 5.0 Stealth
 + Level 7.3 Necromancy
 - Level 3.0 Evocations


You had 4 spell levels left.
You knew the following spells:

 Your Spells              Type           Power      Damage    Failure   Level
a - Necrotise             Necr           76%        1d7       3%          1
b - Vampiric Draining     Necr           19%        2d7       9%          3

Your spell library contained the following spells:

 Spells                   Type           Power      Damage    Failure   Level
 Apportation              Tloc           0%         N/A       52%         1
 Magic Dart               Conj           0%         1d3       52%         1
 Sting                    Conj/Alch      0%         1d3       52%         1
 Summon Small Mammal      Summ           0%         N/A       52%         1
 Blink                    Tloc           0%         N/A       67%         2
 Call Imp                 Summ           0%         N/A       67%         2
 Martyr's Knell           Necr/Summ      9%         N/A       80%         4
 Leda's Liquefaction      Alch/Erth      0%         N/A       99%         4
 Curse of Agony           Necr           19%        N/A       63%         5
 Lee's Rapid Deconstruct  Erth           0%         3d4*      100%        5
 Bombard                  Conj/Erth      0%         9d1       100%        6
 Chain Lightning          Conj/Air       0%         N/A       100%        9
 Fire Storm               Conj/Fire      0%         5d1       100%        9
 Shatter                  Erth           0%         3d5*      100%        9


Dungeon Overview and Level Annotations

Branches:
Dungeon (6/15)             Temple (0/1) D:4

Altars:
Elyvilon
Vehumet


Innate Abilities, Weirdness & Mutations

You have a beak for a mouth.
You have claws for feet.
Your magical flight helps you evade attacks. (EV +4)
You can magically evade attacks while moving or waiting.


Message History

You slash the two-headed ogre! Your kick misses the two-headed ogre.
The two-headed ogre is heavily wounded.
Unknown command.
Unknown command.
Casting: Necrotise (safe; 3% risk of failure)
Confirm with . or Enter, or press ? or * to list all spells.
Aiming: Vampiric Draining (dangerous; 9% risk of failure)
Press: ? - help, Shift-Dir - straight line, f/p - two-headed ogre
Aim: a two-headed ogre, wielding two +0 dire flails (heavily wounded)
You miscast Vampiric Draining.
You are very lightly contaminated with residual magic.
Nothing appears to happen.
The two-headed ogre completely misses you.
The two-headed ogre hits you with a +0 dire flail!
Casting: Vampiric Draining (dangerous; 9% risk of failure)
Confirm with . or Enter, or press ? or * to list all spells.
Aiming: Vampiric Draining (dangerous; 9% risk of failure)
Press: ? - help, Shift-Dir - straight line, f/p - two-headed ogre
Aim: a two-headed ogre, wielding two +0 dire flails (heavily wounded)
You miscast Vampiric Draining.
Nothing appears to happen.
The two-headed ogre closely misses you.
The two-headed ogre hits you with a +0 dire flail.
Casting: Vampiric Draining (dangerous; 9% risk of failure)
Confirm with . or Enter, or press ? or * to list all spells.
Aiming: Vampiric Draining (dangerous; 9% risk of failure)
Press: ? - help, Shift-Dir - straight line, f/p - two-headed ogre
Aim: a two-headed ogre, wielding two +0 dire flails (heavily wounded)
You draw life force from the two-headed ogre!
You feel life coursing into your body.
You hit the two-headed ogre. You claw the two-headed ogre.
You peck the two-headed ogre.
The two-headed ogre is severely wounded.
The two-headed ogre hits you with a +0 dire flail.
The two-headed ogre hits you with a +0 dire flail!
* * * LOW HITPOINT WARNING * * *
You slash the two-headed ogre! You claw the two-headed ogre.
You peck the two-headed ogre.
The two-headed ogre is almost dead.
The two-headed ogre hits you with a +0 dire flail!
You die...

####...# #........#)#
#.......
..##...###...###.####
#....... #.##...'.'..##
### .## #.......
#.##...###..# ..# #.......
#.....####..# ###.#
#....... ###.........#
##.#.####.......
###.........#
##.#..##.........
...........'#
#.###.#..########
...........'#.####.#..#.##
#
...........##..O#.###.#.#
# ...........# #@#.#..#.#
# ...######### ######.#.#
# ...# #...# ...# #####
...# ####


You could see a two-headed ogre.

Vanquished Creatures
  Edmund (D:6)
  2 black bears
  An ice beast (D:6)
  Pargi (D:3)
  A sky beast (D:6)
  2 centaurs (D:5)
  An ogre (D:4)
  A phantom (D:4)
  2 scorpions (D:4)
  A water moccasin zombie (D:4)
  A bombardier beetle (D:5)
  4 hounds
  2 orc priests
  5 iguanas
  3 orc wizards
  A hound skeleton (D:4)
  3 hound zombies (D:4)
  7 gnolls (D:4)
  A howler monkey skeleton (D:4)
  5 adders
  An adder zombie (D:4)
  2 adder skeletons (D:4)
  2 dart slugs
  5 ribbon worms
  17 orcs
  9 ball pythons
  7 endoplasms
  3 giant cockroaches
  8 goblins
  4 hobgoblins
  9 kobolds
  4 quokkas
  6 bats
  6 frilled lizards
  A quokka skeleton (D:4)
  7 rats
136 creatures vanquished.

Notes
Turn   | Place    | Note
-------+----------+-------------------------------------------
     0 | D:5      | utis the Tengu Delver began the quest for the Orb.
     0 | D:5      | Reached XP level 1. HP: 14/14 MP: 2/2
    13 | D:5      | Noticed a centaur
    19 | D:4      | Noticed a black bear
    22 | D:4      | Noticed a hound
    68 | D:4      | Noticed an iguana
    68 | D:4      | Noticed an iguana
    80 | D:4      | Reached XP level 2. HP: 19/19 MP: 3/3
   228 | D:3      | Reached XP level 3. HP: 24/24 MP: 4/4
   500 | D:3      | Noticed Pargi
   908 | D:1      | Learned a level 1 spell: Necrotise
  1226 | D:1      | Found a faded altar of an unknown god.
  1327 | D:1      | Reached skill level 1 in Necromancy
  1465 | D:1      | Reached XP level 4. HP: 29/29 MP: 5/5
  3118 | D:3      | Killed Pargi
  3119 | D:3      | Reached XP level 5. HP: 25/33 MP: 4/6
  3123 | D:3      | Learned a level 3 spell: Vampiric Draining
  3196 | D:3      | Reached XP level 6. HP: 38/38 MP: 7/7
  3208 | D:3      | Reached skill level 5 in Necromancy
  3638 | D:4      | Found a staircase to the Ecumenical Temple.
  3851 | D:4      | Reached skill level 1 in Evocations
  3851 | D:4      | Gained mutation: Your magical flight helps you evade
                  | attacks. (EV +4) [Tengu growth]
  3851 | D:4      | Reached XP level 7. HP: 39/43 MP: 8/8
  4618 | D:5      | Reached XP level 8. HP: 47/48 MP: 7/9
  4646 | D:4      | facepalm
  4785 | D:4      | Reached skill level 1 in Armour
  5327 | D:5      | Reached skill level 5 in Polearms
  5928 | D:6      | Noticed Edmund
  5935 | D:6      | Killed Edmund
  6178 | D:6      | Found a white marble altar of Elyvilon.
  6178 | D:6      | Found a radiant altar of Vehumet.
  6382 | D:6      | Reached XP level 9. HP: 53/53 MP: 10/10
  6716 | D:6      | Noticed a two-headed ogre
  6726 | D:6      | Slain by a two-headed ogre

Illustrated notes

.....###..'.☼#.
..........# #..#..#.
..........###..####.
.........#.........
#.......#...P.....
#.......#...P~P~P.
##.......###..~.~P.
#........###.P~P~P.
#####...Z..l.....P~.~..
#......l#####.....P.P..
#.....@l#####..........
#....S..##.......).#...
#.......##.........##..
##....P.............##..
#....P.....###......##..
#...................##..
#...............†.#.....
#...####...[....).#.....
#...# #..........#.....
##..†####..........#.....
#.......#..........#.....


Turn 4646 on D:4: facepalm

Levels and vault maps discovered:
D:1:      dpeg_arrival_three_same_balls, layout_loops_ring,
          basic_ecumenical_altar, minmay_crystal_water
D:2:      layout_loops_ring
D:3:      layout_basic, kennysheep_orc_chapel, uniq_pargi
D:4:      layout_basic, minmay_temple_entry_slanted, serial_undead,
          serial_undead_e, serial_undead_f, serial_undead_e, serial_undead_b,
          dreamdust_gnoll_farm
D:5:      nicolae_cairo_tiling, layout_cave_pools
D:6:      layout_basic, gammafunk_temple_overflow_pools, minmay_small_thing,
          uniq_edmund

Skill      XL: |  1  2  3  4  5  6  7  8  9 |
---------------+----------------------------+-----
Fighting       | 4 |  4.9
Dodging        | 3 4 |  4.0
Necromancy     | 1 4 6 7 |  7.3
Evocations     | 1 3 |  3.0
Polearms       | 3 7 |  7.5
Armour         | 1 2 |  2.0
Stealth        | |  5.0

Action                     |  1- 3 |  4- 6 |  7- 9 || total
---------------------------+-------+-------+-------++-------
  Melee: Spear             |    91 |   143 |     4 ||   238
         Peck              |    11 |    26 |    23 ||    60
         Kick              |    18 |    42 |    38 ||    98
         Halberd           |       |       |   152 ||   152
   Cast: Necrotise         |     3 |    23 |    32 ||    58
         Vampiric Draining |       |       |     1 ||     1
    Use: Scroll            |       |     6 |       ||     6
         Potion            |       |     1 |       ||     1
   Stab: Sleeping          |     6 |     6 |     6 ||    18
         Distracted        |       |     1 |       ||     1
 Armour: Leather armour    |    26 |    60 |    57 ||   143
         Ring mail         |       |       |    22 ||    22
  Dodge: Dodged            |    35 |    63 |   164 ||   262
